 Dungeon Crawl Stone Soup version 0.27-a0-1206-g6342a01c75 (webtiles) character file.

Game seed: 4901540075102444435

341 Ancestrald the Grave Robber (level 6, -2/47 HPs)
             Began as a Ghoul Necromancer on June 5, 2021.
             Slain by a human skeleton (6 damage)
             ... on level 4 of the Dungeon.
             The game lasted 00:24:20 (4276 turns).

Ancestrald the Grave Robber (Ghoul Necromancer)     Turns: 4276, Time: 00:24:21

Health: -2/47      AC:  2    Str: 12    XL:     6   Next: 56%
Magic:  10/10      EV: 12    Int: 22    God:
Gold:   252        SH:  0    Dex:  9    Spells: 5/12 levels left

rFire    . . .     SeeInvis .   t - +11 short sword of Annoyance {vamp, Int+4}
rCold    + . .     Faith    .   (no shield)
rNeg     + + +     Spirit   .   a - +0 robe
rPois    ∞         Reflect  .   (no helmet)
rElec    .         Harm     .   (no cloak)
rCorr    .         Rampage  .   (no gloves)
Will     .....                  (no boots)
Stlth    ++........             (no amulet)
HPRegen  0.00/turn              l - +6 ring of intelligence
MPRegen  0.12/turn              (no ring)

@: no status effects
A: claws 1, cold resistance 1, negative energy resistance 3, inhibited
regeneration, torment resistance 2
a: no special abilities


You were on level 4 of the Dungeon.
You visited 1 branch of the dungeon, and saw 4 of its levels.

You collected 252 gold pieces.

Inventory:

Hand Weapons
 b - a +0 club
 d - a +0 dagger
 n - a +1 spear of freezing
 p - a +0 whip of pain
 t - the +11 short sword of Annoyance (weapon) {vamp, Int+4}
   (You found it on level 4 of the Dungeon)

   It inflicts no extra harm, but heals its wielder when it wounds a living foe.
   It affects your intelligence (+4).
Missiles
 e - 34 arrows
 g - 102 stones
 j - 16 sling bullets
 r - 2 javelins
 u - 13 bolts
Armour
 a - a +0 robe (worn)
 h - a +0 robe
 v - a +0 cloak
Jewellery
 l - a +6 ring of intelligence (left claw)
Scrolls
 f - a scroll of noise
 k - a scroll of enchant armour
 o - 2 scrolls of silence
 s - a scroll of magic mapping
 y - a scroll of amnesia
Potions
 c - a potion of flight
 i - a potion of berserk rage {unknown}
 m - a potion of heal wounds {unknown}
 q - a potion of brilliance {unknown}
 w - a potion of mutation {unknown}
 x - 2 potions of haste {unknown}


   Skills:
 + Level 1.0 Fighting
 + Level 0.2 Short Blades
 + Level 0.1 Maces & Flails
 + Level 1.4 Polearms
 + Level 2.2 Dodging
 + Level 2.4 Stealth
 * Level 3.5 Spellcasting
 * Level 5.8 Necromancy


You had 5 spell levels left.
You knew the following spells:

 Your Spells              Type           Power      Damage    Failure   Level
a - Pain                  Necr           100%       1d9       1%          1
b - Animate Skeleton      Necr           58%        N/A       1%          1
c - Animate Dead          Necr           14%        N/A       11%         4
d - Apportation           Tloc           6%         N/A       12%         1

Your spell library contained the following spells:

 Spells                   Type           Power      Damage    Failure   Level
 Vampiric Draining        Necr           14%        2d8       3%          3
 Corona                   Hex            3%         N/A       12%         1
 Magic Dart               Conj           12%        1d3       12%         1
 Summon Small Mammal      Summ           12%        N/A       12%         1
 Searing Ray              Conj           6%         3d3       19%         2
 Agony                    Necr           29%        N/A       28%         5
 Dazzling Flash           Conj/Hex       6%         N/A       34%         3
 Fulminant Prism          Conj/Hex       1%         3d6       75%         4
 Iskenderun's Mystic Bla  Conj/Tloc      3%         2d3       75%         4
 Bolt of Magma            Conj/Fire/Erth 1%         4d4       97%         5
 Iskenderun's Battlesphe  Conj           3%         2d6       97%         5
 Iron Shot                Conj/Erth      1%         9d1       100%        6
 Orb of Destruction       Conj           1%         N/A       100%        7
 Spellforged Servitor     Conj/Summ      1%         N/A       100%        7


Dungeon Overview and Level Annotations

Branches:
Dungeon (4/15)
 Temple: D:4-7

Altars:

Shops:
D:1 (   D:4 !


Innate Abilities, Weirdness & Mutations

You thrive by killing the living.
You are immune to poison.
You have sharp fingernails.
Your flesh is cold resistant. (rC+)
You are immune to negative energy. (rN+++)
You do not regenerate when monsters are visible.
You are immune to unholy pain and torment.


Message History

There is an open door here.
There is an open door here.
There is a collapsed entrance here.
You can't go down here!
You can't go down here!
You can't go down here!
You puncture the orc skeleton!
You destroy the orc skeleton!
There is an open door here.
There is an open door here.
There is an open door here.
You open the door.
A human skeleton comes into view.
The human skeleton closely misses you.
There is an open door here.
You hit the human skeleton.
The human skeleton is lightly damaged.
The human skeleton hits you.
* * * LOW HITPOINT WARNING * * *
You hit the human skeleton.
The human skeleton is lightly damaged.
The human skeleton barely misses you.
You hit the human skeleton.
The human skeleton is moderately damaged.
The human skeleton misses you.
You puncture the human skeleton!
The human skeleton is heavily damaged.
The human skeleton hits you but does no damage.
You barely miss the human skeleton.
The human skeleton is heavily damaged.
You puncture the human skeleton!
The human skeleton is almost destroyed.
The human skeleton barely misses you.
You completely miss the human skeleton.
The human skeleton is almost destroyed.
The human skeleton barely misses you.
You hit the human skeleton.
The human skeleton is almost destroyed.
The human skeleton hits you.
You die...

###...#.# #.#
......#.#
#########
###..##.#
#.#.#.#.# #
#.....# #'#'#'#'#
# ##.####
#.'...'.# # #.#
###...### # #.#
#.'...'.# # #.#
#.#'#'### # #.#
#.#.#.@Z# ####.#
##'####### ..##.#
#..# #.##.# #.##
.....#####.####.##
#.####............
..# #.########.##
######.##
....[...#


You could see a human skeleton.

Vanquished Creatures
  A phantom (D:4)
  3 elf skeletons (D:4)
  2 adders
  A dart slug (D:3)
  4 orcs
  6 ball pythons
  4 endoplasms
  9 giant cockroaches
  7 goblins
  6 hobgoblins
  8 jackals
  4 quokkas
  4 bats
  3 frilled lizards
  5 kobolds
  2 orc skeletons (D:4)
  A rat (D:3)
70 creatures vanquished.

Vanquished Creatures (collateral kills)
  A ball python (D:1)
1 creature vanquished.

Grand Total: 71 creatures vanquished

Notes
Turn   | Place    | Note
-------+----------+-------------------------------------------
     0 | D:1      | Ancestrald the Ghoul Necromancer began the quest for the
                  | Orb.
     0 | D:1      | Reached XP level 1. HP: 14/14 MP: 2/2
    18 | D:1      | Learned a level 1 spell: Animate Skeleton
   306 | D:1      | Reached XP level 2. HP: 20/20 MP: 2/4
   551 | D:1      | Found a faded altar of an unknown god.
   867 | D:1      | Found Fariz's Antique Weapon Emporium.
  1195 | D:1      | Reached XP level 3. HP: 26/26 MP: 2/5
  1263 | D:2      | Learned a level 3 spell: Vampiric Draining
  1970 | D:2      | Reached XP level 4. HP: 33/33 MP: 0/6
  2417 | D:2      | Learned a level 4 spell: Animate Dead
  2419 | D:2      | Learned a level 1 spell: Apportation
  2634 | D:3      | Reached skill level 5 in Necromancy
  3610 | D:4      | Noticed a phantom
  3635 | D:4      | Killed a phantom
  3636 | D:4      | Reached XP level 5. HP: 12/39 MP: 8/8
  3875 | D:4      | Found Ezaafico's Distillery.
  3913 | D:4      | Identified the +11 short sword of Annoyance {vamp, Int+4}
  4194 | D:4      | Reached XP level 6. HP: 26/46 MP: 8/10
  4224 | D:4      | Reached skill level 1 in Polearms
  4232 | D:4      | Found a sand-covered staircase.
  4241 | D:4      | Reached skill level 1 in Fighting
  4276 | D:4      | Slain by a human skeleton

Illustrated notes

Levels and vault maps discovered:
D:1:      wander_arrival_estate, layout_basic, basic_ecumenical_altar,
          serial_shops, nicolae_shop_waterfront, hangedman_glass_teeth
D:2:      layout_loops_cross
D:3:      layout_loops_cross, minmay_misc_feat_square, minmay_pentangle
D:4:      layout_loops_ring, nicolae_overflow_hidden_temple, serial_shops, shop,
          nicolae_ossuary_entry_catacombs, uniq_edmund

Skill      XL: |  1  2  3  4  5  6 |
---------------+-------------------+-----
Spellcasting   | 2 3 |  3.5
Dodging        | 2 |  2.2
Necromancy     | 5 |  5.8
Polearms       | 1 |  1.4
Fighting       | 1 |  1.0
Short Blades   | |  0.2
Maces & Flails | |  0.1
Stealth        | |  2.4

Action                   |  1- 3 |  4- 6 || total
-------------------------+-------+-------++-------
Melee: Unarmed           |    19 |       ||    19
       Club              |    50 |       ||    50
       Spear             |       |    25 ||    25
       Short sword       |       |    34 ||    34
 Cast: Pain              |    58 |    45 ||   103
       Animate Skeleton  |     6 |       ||     6
  Use: Scroll            |     2 |     5 ||     7
       Potion            |       |     2 ||     2
 Stab: Distracted        |     1 |       ||     1
       Sleeping          |       |     2 ||     2
Armor: Robe              |    27 |     8 ||    35
Dodge: Dodged            |    85 |    29 ||   114

Table legend: (Time is in decaauts)
 A = Elapsed time spent in this place.
 B = Non-inter-level travel time spent in this place.
 C = Inter-level travel time spent in this place.
 D = Time resting spent in this place.
 E = Time spent auto-exploring this place.
 F = Levels seen in this place.
 G = Mean time per level.
                   A        B        C        D        E       F      G
               +--------+--------+--------+--------+--------+-----+--------+
         Total |   4294 |   4211 |     83 |     67 |   3237 |   4 | 1073.5 |
       Dungeon |   4294 |   4211 |     83 |     67 |   3237 |   4 | 1073.5 |
               +--------+--------+--------+--------+--------+-----+--------+

Top non-repeatable levels by time:
     D:1: 1259 daAuts
     D:2: 1179 daAuts
     D:3: 1160 daAuts
     D:4: 694 daAuts
